FIQ, neutral male scurrid Tourist ------------------------- ---------------- |..................j....| ..[............| |.......................| ...........}}t....| ---------....l`}}}}.............--------- ....}}}}.....}}}}.....--------- |}%}.....}}}..}}}}}}e.........}}}}....>....}}}..}}....}}...}}}}.}}}}}}}}| |}}}....}}.}}}}..}.}}...}}}..}}..}}}}}..}}}}......'...}}....}}%}}}..)}}}| |}}}}}}}.!.)........}}}}}.}}}......x}}}}}}}............}}.............}}| |}}}}}.............R.}}...l...........}}...}...........}}...........}}}}| ---------..........h..g.....q...--------- ........}}}}.......--------- |............r.u.....<..| .}../.....| -........}}}}..?.}}.....- - .....n....}}}.........}}}......} |}}}}........}}}.......O.....}...}}..}}}}}}. |}}}}}}}}..}}}.}}}}}}.........}}}......}}}}}....... |}}}}}}..}}}........}}}..d}}}}.i.G........}}}}}..}}}}.}}}} ---------..............}}}......--------- ....}}}....}}}}}}.....- |.a.....................| .....//...'}}!.....| |....................P.s| .%..............| ------------------------- ----------------- FIQ the Rambler Experience level: 1 Strength: 13 Dexterity: 11 Constitution: 14 Intelligence: 11 Wisdom: 12 Charisma: 15 Health: 0(9) Energy: 2(2) Def: 0 Gold: 323 Moves: 58 Dungeon seed: Fz2uhwRp9cVz5MDL Game ID: FIQ_1498600947 Your Inventory: Coins $ - 323 gold pieces Weapons a - 51 uncursed +2 darts (in quiver) Armor e - an uncursed +0 Hawaiian shirt (being worn) Comestibles b - 5 uncursed food rations c - an uncursed cram ration d - 3 uncursed fortune cookies f - an uncursed apple g - an uncursed tripe ration Scrolls i - 4 uncursed scrolls of blank paper Potions h - 2 uncursed diluted potions of extra healing Wands l - an uncursed rusty wand of secret door detection (0:14) Tools j - an uncursed expensive camera (0:66) k - an uncursed credit card m - an uncursed leash Spells and supernatural/magical abilities: Name Level Category Fail Memory W - pray for help -- divine ? -- Your skills at the end: Miscellaneous Skills wands [Basic] Weapon Skills dart [Basic] Spellcasting Skills Final Attributes: You were devoutly aligned. You had infravision. You were very stealthy. You are dead. Voluntary challenges: You went without food. You did not adorn yourself with jewelry or accessories. You did not cause conflict. You were not invisible. You did not have reflection. You were not displaced. You were an atheist. You never hit with a wielded weapon. You were a pacifist. You did not use tools. You did not use plumbed fixtures. You did not drink any magical draughts. You were illiterate. You never genocided any monsters. You never polymorphed an object. You never changed form. You used no wishes. You never split a pudding. You never wrote Elbereth's name. You never violated your personal moral code. Dungeon overview: The Dungeons of Doom: levels 1 to 14 Level 1 a long staircase Level 2 Level 3 Level 4 Level 5 Level 6 Level 7 a fountain Level 8 Level 9 Level 10 Level 11 a fountain Level 12 a fountain Level 13 Level 14 <- You were here History has recorded: On T:1 you entered the Dungeons of Doom to retrieve the Amulet of Yendor! On T:25 you reached level 2 of The Dungeons of Doom. On T:28 you reached level 3 of The Dungeons of Doom. On T:30 you reached level 4 of The Dungeons of Doom. On T:32 you reached level 5 of The Dungeons of Doom. On T:34 you reached level 6 of The Dungeons of Doom. On T:37 you reached level 7 of The Dungeons of Doom. On T:39 you reached level 8 of The Dungeons of Doom. On T:41 you reached level 9 of The Dungeons of Doom. On T:43 you reached level 10 of The Dungeons of Doom. On T:47 you reached level 11 of The Dungeons of Doom. On T:49 you reached level 12 of The Dungeons of Doom. On T:52 you reached level 13 of The Dungeons of Doom. On T:54 you reached level 14 of The Dungeons of Doom. Score breakdown: Gold: 157 ( 15 points) Experience: 1 level ( 0 points) Exploration: 14 levels ( 390 points) Discoveries: 1 item ( 50 points) Variety of kills: 0 monsters ( 0 points) Major goal: (nothing yet) ( 0 points) Survival: died (score multiplied by 3) Total score: 1365 Latest messages: Look for a ...ic transporter. You couldn't quite make out that last message. You start digging downward. You continue digging downward. As you dig, the hole fills with water! You fall into the water! You sink like a rock. Your wand of secret door detection rusts! You try to crawl out of the water. Pheew! That was close. That command is only available in debug mode. The rust monster touches you! Your Hawaiian shirt is not affected. The rust monster touches you! Your Hawaiian shirt is not affected. You have no weapon equipped. The rust monster touches you! Your Hawaiian shirt is not affected. The rust monster touches you! Your Hawaiian shirt is not affected. You start digging downward. The quantum mechanic interacts with you! Your position suddenly seems very uncertain! The gremlin claws you! (2x) The gremlin bites! You die... Final status: Aloha FIQ the Tourist, killed by a gremlin... You died in The Dungeons of Doom on dungeon level 14 with 1365 points, and 323 pieces of gold, after 58 moves. You were level 1 with a maximum of 9 hit points when you died.